AoeStats
← OdetoRomulus

Arabia

510713203Analyzed
1v1 RM · 1d ago on Oct 2, 2026· 51m 45s· 2 players
Game mode
Random Map
Map size
Tiny (2 player)
Population
200
Speed
Normal
Resources
Standard
Victory
Conquest
Starting age
Dark Age
Ending age
Imperial Age
RankedLock teamsTeams togetherTeam positionsShared explorationLock speedFull tech treeHidden civsTurbo modeCheats
Victory
Defeat
🇦🇺 Burgundians · Australia
686
+16
🇩🇪 Shu · Germany
695
-16
OdetoRomulus
10:19 Feudal Age
10:24 Man-at-Arms
11:28 Double-Bit Axe
17:32 Loom
21:19 Castle Age
26:54 Forging
26:50 Scale Barding Armor
26:37 Fletching
27:46 Long Swordsman
29:30 Husbandry
30:09 Light Cavalry
32:24 Wheelbarrow
34:01 Chain Barding Armor
38:47 Arson
42:24 Imperial Age
41:28 Murder Holes
50:00 Bodkin Arrow
50:06 Padded Archer Armor
50:42 Iron Casting
50:43 Plate Barding Armor
haumti
11:05 Feudal Age
11:57 Horse Collar
12:05 Double-Bit Axe
13:20 Loom
23:04 Castle Age
21:12 Gold Mining
22:46 Town Watch
23:43 Pikeman
24:23 Squires
24:09 Arson
28:39 Heavy Plow
28:53 Bow Saw
36:13 Imperial Age
37:07 Gold Shaft Mining
36:24 Stone Mining
36:23 Treadmill Crane
37:04 Ballistics
37:25 Crossbowman
40:23 Two-Man Saw
39:44 Arbalester
40:29 Thumb Ring
Connection lost

Rejoining the realm…

Still unreachable

The connection could not be restored.

Session expired

The server has moved on; the page needs a fresh start.